 Dungeon Crawl Stone Soup version 0.26.0-16-gc1dbca0489 (webtiles) character file.

Game seed: 4428633489102903839

52 kaeus the Chopper (level 3, -3/35 HPs)
             Began as a Gnoll Chaos Knight on Jan 20, 2021.
             Was a Plaything of Xom.
             Slain by a snapping turtle (glowing shapeshifter) (12 damage)
             ... on level 2 of the Dungeon.
             The game lasted 00:01:53 (1649 turns).

kaeus the Chopper (Gnoll Chaos Knight)              Turns: 1649, Time: 00:01:54

Health: -3/35      AC:  5    Str: 15    XL:     3   Next: 85%
Magic:  4/4        EV: 12    Int: 14    God:    Xom [..*...]
Gold:   99         SH:  0    Dex: 14    Spells: 4/4 levels left

rFire    . . .     SeeInvis .   a - +0 hand axe (chaos)
rCold    . . .     Faith    .   (no shield)
rNeg     . . .     Spirit   .   b - +2 leather armour
rPois    .         Reflect  .   (no helmet)
rElec    .         Harm     .   (no cloak)
rCorr    .         Rampage  .   (no gloves)
Will     .....                  (no boots)
Stlth    +.........             (no amulet)
HPRegen  0.11/turn              (no ring)
MPRegen  0.09/turn              (no ring)

@: no status effects
A: distributed training, fangs 1, strong nose
a: Renounce Religion


You were on level 2 of the Dungeon.
You worshipped Xom.
You were a toy of Xom.
You visited 1 branch of the dungeon, and saw 2 of its levels.

You collected 99 gold pieces.

Inventory:

Hand Weapons
 a - a +0 hand axe of chaos (weapon)
Armour
 b - a +2 leather armour (worn)
Scrolls
 c - a scroll of noise {unknown}
 d - a scroll of random uselessness {unknown}
 g - a scroll of remove curse {unknown}
 h - a scroll of enchant weapon {unknown}
 j - a scroll of fog {unknown}
Potions
 e - a potion of flight {unknown}
 f - 2 potions of cancellation {unknown}
 i - a potion of might {unknown}


   Skills:
 + Level 6.5 Fighting
 + Level 1.0 Short Blades
 + Level 1.0 Long Blades
 + Level 6.5 Axes
 + Level 1.0 Maces & Flails
 + Level 1.0 Polearms
 + Level 1.0 Staves
 + Level 1.0 Slings
 + Level 1.0 Bows
 + Level 1.0 Crossbows
 + Level 1.0 Throwing
 + Level 4.6 Armour
 + Level 2.6 Dodging
 + Level 1.0 Stealth
 + Level 1.0 Shields
 + Level 1.0 Unarmed Combat
 + Level 1.0 Spellcasting
 + Level 0.7 Conjurations
 + Level 0.7 Hexes
 + Level 0.7 Summonings
 + Level 0.7 Necromancy
 + Level 0.7 Translocations
 + Level 0.7 Transmutations
 + Level 0.7 Fire Magic
 + Level 0.7 Ice Magic
 + Level 0.7 Air Magic
 + Level 0.7 Earth Magic
 + Level 0.7 Poison Magic
 + Level 1.0 Invocations
 + Level 1.0 Evocations


You had 4 spell levels left.
You didn't know any spells.
Your spell library was empty.

Dungeon Overview and Level Annotations

Branches:
Dungeon (2/15)

Altars:
Elyvilon
Fedhas
Hepliaklqana
Ru


Innate Abilities, Weirdness & Mutations

Your experience applies equally to all skills.
You have very sharp teeth.
Your uncanny sense of smell can sniff out nearby items.


Message History

You hit the worm.
The worm changes into a glowing shapeshifter!
Xom thinks this is hilarious!
The glowing shapeshifter is lightly wounded.
The glowing shapeshifter changes into a snapping turtle!
You hit the snapping turtle but do no damage.
The snapping turtle closely misses you.
You hit the snapping turtle but do no damage.
The snapping turtle bites you!
A snapping turtle is nearby!
You barely miss the snapping turtle. The snapping turtle bites you!
* * * LOW HITPOINT WARNING * * *
You are too injured to fight recklessly!
You are too injured to fight recklessly!
You are too injured to fight recklessly!
You are too injured to fight recklessly!
You are too injured to fight recklessly!
The snapping turtle bites you from afar!
You die...
Xom cackles wildly!

* ****,,** #. *,,,,,....####.###
# *** * .......(...# .#
*.........#.### ###.##### ##
.............# #.... .^# .#
*>........(...# #.#.# #.# .#
#.........###.#.###.## .#####
#.#..................... .##..##
#....t.@...)###.##.##.##
.._..[######.........###.##.##.#
.#.P†.#..#
#.......$.#.........##
.#_.⌠.'..#
#.........#.#####..###
##....#..# #.........#. #..# #
.#_..P#..# ####...#### #..#
.##..##..# #..<# ##..###
.#.###...######...# #.....#
.#................. #...#.#


You could see a snapping turtle shaped shifter.

Vanquished Creatures
  3 adders (D:2)
  2 giant cockroaches (D:1)
  6 goblins
  4 jackals (D:1)
  2 ball pythons
  3 bats
  3 kobolds (D:1)
  3 rats
26 creatures vanquished.

Vanquished Creatures (others)
  2 plants (D:2)
2 creatures vanquished.

Grand Total: 28 creatures vanquished

Notes
Turn   | Place    | Note
-------+----------+-------------------------------------------
     0 | D:1      | kaeus the Gnoll Chaos Knight began the quest for the Orb.
     0 | D:1      | Reached XP level 1. HP: 23/23 MP: 1/1
   204 | D:1      | Reached XP level 2. HP: 28/28 MP: 2/2
   574 | D:1      | XOM: divination: magic mapping
   884 | D:2      | Found a sacrificial altar of Ru.
   928 | D:2      | Found a blossoming altar of Fedhas.
   929 | D:2      | Found a hazy altar of Hepliaklqana.
   930 | D:2      | Found a white marble altar of Elyvilon.
   938 | D:2      | Reached XP level 3. HP: 31/35 MP: 3/3
   966 | D:2      | XOM: divination: magic mapping
   987 | D:2      | Reached skill level 1 in Invocations
   989 | D:2      | XOM: 8-stop teleportation journey
  1062 | D:2      | XOM: 8-stop teleportation journey
  1077 | D:2      | Reached skill level 1 in Short Blades
  1077 | D:2      | Reached skill level 1 in Long Blades
  1077 | D:2      | Reached skill level 1 in Maces & Flails
  1077 | D:2      | Reached skill level 1 in Polearms
  1077 | D:2      | Reached skill level 1 in Staves
  1077 | D:2      | Reached skill level 1 in Slings
  1077 | D:2      | Reached skill level 1 in Bows
  1077 | D:2      | Reached skill level 1 in Crossbows
  1077 | D:2      | Reached skill level 1 in Throwing
  1077 | D:2      | Reached skill level 1 in Stealth
  1077 | D:2      | Reached skill level 1 in Shields
  1077 | D:2      | Reached skill level 1 in Unarmed Combat
  1077 | D:2      | Reached skill level 1 in Spellcasting
  1077 | D:2      | Reached skill level 1 in Evocations
  1645 | D:2      | Noticed a glowing shapeshifter
  1645 | D:2      | a worm changed into a glowing shapeshifter
  1645 | D:2      | Noticed a snapping turtle
  1645 | D:2      | a glowing shapeshifter changed into a snapping turtle
  1649 | D:2      | Slain by a snapping turtle (glowing shapeshifter)

Illustrated notes

Levels and vault maps discovered:
D:1:      dpeg_arrival_pits, layout_basic
D:2:      layout_loops_cross, gammafunk_temple_overflow_forgotten,
          hangedman_ru_absence

Skill      XL: |  1  2  3 |
---------------+----------+-----
Invocations    | 1 |  1.0
Short Blades   | 1 |  1.0
Long Blades    | 1 |  1.0
Maces & Flails | 1 |  1.0
Polearms       | 1 |  1.0
Staves         | 1 |  1.0
Slings         | 1 |  1.0
Bows           | 1 |  1.0
Crossbows      | 1 |  1.0
Throwing       | 1 |  1.0
Stealth        | 1 |  1.0
Shields        | 1 |  1.0
Unarmed Combat | 1 |  1.0
Spellcasting   | 1 |  1.0
Evocations     | 1 |  1.0
Fighting       | |  6.5
Axes           | |  6.5
Armour         | |  4.6
Dodging        | |  2.6
Conjurations   | |  0.7
Hexes          | |  0.7
Summonings     | |  0.7
Necromancy     | |  0.7
Translocations | |  0.7
Transmutations | |  0.7
Fire Magic     | |  0.7
Ice Magic      | |  0.7
Air Magic      | |  0.7
Earth Magic    | |  0.7
Poison Magic   | |  0.7

Action                   || total
-------------------------++-------
Melee: Hand axe          ||    66
       Bite              ||     6
 Stab: Sleeping          ||     3
Armor: Leather armour    ||    13
Dodge: Dodged            ||    33
